[Event "Sarajevo-ch 2019"]
[Site "Sarajevo"]
[Date "2019.03.13"]
[Round "2.3"]
[White "Halilovic, Fahrudin"]
[Black "Sitnic, Ahmed"]
[Result "1/2-1/2"]
[ECO "D05"]
[WhiteElo "2053"]
[BlackElo "1841"]
[Annotator "NA RC"]
[PlyCount "102"]
[EventDate "2019.03.12"]
[EventType "tourn"]
[EventCountry "BIH"]
[SourceTitle "playchess.com"]
[Source "ChessBase"]
[SourceQuality "1"]
[TimeControl "5400+30"]

1. d4 d5 2. Nf3 Nf6 3. e3 e6 4. Bd3 Be7 5. O-O O-O 6. b3 b6 7. Bb2 Bb7 8. Nbd2 c5 9. Ne5 Nc6 10. a3 Rc8 11. f4 Nxe5 {[%emt 0:21:21] D05: Colle System with ...e6} (11... a6 12. Nxc6 Rxc6 13. c4 dxc4 14. bxc4 Qa8 15. Qe2 Rd8 16. Rfd1 cxd4 17. exd4 b5 18. d5 Bc5+ 19. Kh1 exd5 20. cxb5 {0-1 (57) Vakhidov,J (2471)-Zhigalko,S (2678) Dubai 2014}) 12. dxe5 Ne4 13. Qe2 Nxd2 14. Qxd2 c4 $146 ({Predecessor:} 14... Qc7 15. c4 dxc4 16. bxc4 Rfd8 17. Qc2 g6 18. e4 Rd7 19. Rf3 {½-½ (48) Justo,D (2322)-Fayard,A (2215) France 2010}) 15. Be2 c3 (15... b5 $11) 16. Bxc3 Qc7 17. Bd4 Qxc2 18. Qd3 Qxd3 19. Bxd3 Rc7 20. b4 f5 21. Kf2 g5 22. h3 h5 23. Rg1 ({Better is} 23. g4 $16) 23... Kg7 {[%emt 0:05:09] [#]} (23... gxf4 $11 {keeps the balance.} 24. exf4 h4) 24. g4 $1 fxg4 25. hxg4 hxg4 26. Rxg4 Rh8 27. Rag1 Rh2+ 28. R4g2 Rxg2+ 29. Rxg2 Rc8 30. fxg5 ({White should try} 30. Kf3 $18) 30... Rh8 31. Kf3 Rh5 32. Rc2 Bd8 33. g6 Rh1 34. Rf2 Rh8 35. Kg4 Rf8 36. Rc2 Rh8 37. Kg3 Rh1 38. Rg2 $11 (38. Kg2 $18 Rh8 39. Rc1) 38... Rh8 (38... Bc6 $11) 39. Kf3 Rf8+ 40. Kg4 Rh8 41. a4 Bc6 42. b5 Be8 43. Kf3 Rh6 44. e4 Bxg6 45. exd5 Rh3+ 46. Ke2 Rxd3 47. Rxg6+ Kxg6 48. Kxd3 exd5 49. a5 Kf5 50. a6 Bc7 51. Ke3 Bb8 {[%emt 0:01:30] Ke4+ Kxe5+} 1/2-1/2

[Event "Sarajevo-ch 2019"]
[Site "Sarajevo"]
[Date "2019.03.14"]
[Round "3.3"]
[White "Sitnic, Ahmed"]
[Black "Kozarcanin, Sead"]
[Result "1/2-1/2"]
[ECO "D02"]
[WhiteElo "1841"]
[BlackElo "2005"]
[Annotator "NA RC"]
[PlyCount "39"]
[EventDate "2019.03.12"]
[EventType "tourn"]
[EventCountry "BIH"]
[SourceTitle "playchess.com"]
[Source "ChessBase"]
[SourceQuality "1"]
[TimeControl "5400+30"]

1. d4 d5 2. Nf3 Nf6 3. Bf4 Bf5 4. e3 e6 5. Bd3 Bd6 6. Bg3 {[%emt 0:02:27] D02: 1 d4 d5 2 Nf3 sidelines, including 2...Nf6 3 g3 and 2...Nf6 3 Bf4} (6. Bg5 h6 7. Bh4 Bxd3 8. Qxd3 Nbd7 9. c4 dxc4 10. Qxc4 c5 11. dxc5 Bxc5 12. Nc3 Rc8 13. O-O O-O {½-½ (34) Artemiev,V (2658)-Sjugirov,S (2664) Novi Sad 2016}) 6... Ne4 7. Nbd2 Nxg3 8. hxg3 Bxd3 9. cxd3 Nd7 10. Qb3 $146 ({Predecessor:} 10. O-O c6 11. Nb3 O-O 12. Qc2 e5 13. dxe5 Nxe5 14. Nxe5 Bxe5 {½-½ (41) Pierecker,M (2265)-Posch,W (2185) Austria 1997}) 10... Rb8 11. e4 c6 12. Nf1 Qa5+ 13. Ke2 f5 ({Black should play} 13... O-O $15) 14. Ne3 O-O 15. Ng5 fxe4 16. dxe4 Qa6+ 17. Ke1 Qa5+ 18. Ke2 Qa6+ 19. Ke1 Qa5+ $16 {[%emt 0:16:28] [#]} (19... h6 $11 {keeps the balance.} 20. Nxe6 Rf6 21. exd5 cxd5) 20. Ke2 ({White should try} 20. Kf1 $1 $16) 1/2-1/2

[Event "Sarajevo-ch 2019"]
[Site "Sarajevo"]
[Date "2019.03.16"]
[Round "5.1"]
[White "Hadzovic, Amir"]
[Black "Kurtcehajic, Suad"]
[Result "1-0"]
[ECO "B11"]
[WhiteElo "2255"]
[BlackElo "1982"]
[Annotator "NA RC"]
[PlyCount "99"]
[EventDate "2019.03.12"]
[EventType "tourn"]
[EventCountry "BIH"]
[SourceTitle "playchess.com"]
[Source "ChessBase"]
[SourceQuality "1"]
[TimeControl "5400+30"]

1. e4 c6 2. Nc3 d5 3. Nf3 Bg4 4. h3 Bxf3 5. Qxf3 dxe4 6. Nxe4 Nd7 7. d4 e6 8. Bg5 {[%emt 0:04:09] B11: Caro-Kann: Two Knights Variation} (8. Bd3 Ngf6 9. c3 Be7 10. O-O Nxe4 11. Qxe4 Nf6 12. Qe2 O-O 13. Bg5 h6 14. Bxf6 Bxf6 15. Rad1 Qd5 16. Qe4 Qxe4 17. Bxe4 Rfd8 18. g3 g6 19. Kg2 h5 20. h4 Kg7 {½-½ (20) Shanava,K (2557)-Pantsulaia,L (2587) Tbilisi 2010}) 8... Ndf6 9. O-O-O h6 $146 ({Predecessor:} 9... Qd5 10. Bxf6 Qxa2 11. Nc3 Qa1+ 12. Kd2 Qa5 13. Be5 O-O-O 14. Bd3 f6 15. Ra1 Qb6 16. Bf4 Bb4 17. Rhe1 Rxd4 18. Rxe6 Ne7 19. Rxe7 Rxd3+ 20. cxd3 Bxe7 21. Kc2 g6 22. Be3 {1-0 (22) Onoprienko,V (2342)-Werner,A Hockenheim 2007}) 10. Bh4 g5 11. Bg3 Nxe4 12. Qxe4 Qd5 13. Qe5 Qxe5 14. Bxe5 f6 15. Bh2 Ne7 16. Bd3 Kd7 17. c4 Nc8 18. d5 cxd5 19. cxd5 e5 20. Bf5+ Kd8 21. Rhe1 Bc5 22. Re2 Nd6 23. Be6 Ke7 24. Kb1 {[%emt 0:05:48] [#]} (24. Rc2 $11 {keeps the balance.} Bb6 25. a4) 24... Nb5 $1 25. Rc2 Bb6 26. g3 Nd4 27. Rxd4 Bxd4 28. Rc7+ Kd6 29. Rxb7 (29. Rd7+ $17 Kc5 30. Rxb7) 29... Rab8 (29... Rhd8 $19 30. Rf7 Bxf2) 30. Rd7+ Kc5 31. b3 Kb4 ({Black should play} 31... a5 $17 32. Rc7+ Kb6 33. Rc6+ Ka7) 32. Rc7 Bxf2 33. g4 Rhd8 34. Rc2 Bd4 35. Bg3 {[%emt 0:01:43] [#]} Rb7 $2 (35... Bc3 $1 $17 {keeps the pressure on.}) 36. Be1+ Kb5 37. Rc6 Bb6 38. a4+ Ka6 $18 39. a5 Kb5 40. axb6 Rxb6 41. Rxb6+ axb6 42. Bf2 Ka5 43. Kc2 Rd6 44. Be1+ Kb5 45. Kd3 Kc5 46. Ke4 Rd8 47. Bf2+ Kb5 48. Kf5 Kb4 49. Bxb6 Rf8 50. Ke4 1-0

[Event "Sarajevo-ch 2019"]
[Site "Sarajevo"]
[Date "2019.03.16"]
[Round "5.3"]
[White "Terzic, Ilijas"]
[Black "Sutkovic, Damir"]
[Result "0-1"]
[ECO "A46"]
[WhiteElo "2137"]
[BlackElo "2346"]
[Annotator "RC"]
[PlyCount "94"]
[EventDate "2019.03.12"]
[EventType "tourn"]
[EventCountry "BIH"]
[SourceTitle "playchess.com"]
[Source "ChessBase"]
[SourceQuality "1"]
[TimeControl "5400+30"]

1. d4 Nf6 2. Nf3 c5 3. e3 g6 4. Be2 Bg7 5. O-O cxd4 6. exd4 d5 7. c3 Nc6 8. Bf4 Bg4 9. h3 Bxf3 10. Bxf3 O-O 11. Nd2 Re8 12. Re1 e6 13. Nb3 Nd7 14. Rb1 Rc8 15. Nc1 Na5 16. Nd3 Nc4 17. Qb3 Na5 18. Qd1 a6 19. Be2 Nc4 20. Bf1 Bf8 21. g3 Nf6 22. Bg2 Nh5 23. Bc1 Bd6 24. Bf3 Ng7 25. h4 h5 26. Bf4 Nf5 27. Bg2 Bxf4 28. Nxf4 Qd6 29. Nd3 b6 30. Bh3 Ng7 31. Qe2 a5 32. Rbd1 Qd8 33. Ne5 Nxe5 34. Qxe5 b5 35. Bf1 Qb6 36. Bd3 b4 37. cxb4 Qxb4 38. b3 Rc3 39. Qe2 Rec8 40. Bb1 R8c6 41. Kf1 Ne8 42. Rd3 Nf6 43. Rxc3 Qxc3 44. Rd1 Kg7 45. Qe5 Qf3 46. Re1 Rc3 47. Qf4 Qxf4 0-1

[Event "Sarajevo-ch 2019"]
[Site "Sarajevo"]
[Date "2019.03.16"]
[Round "6.1"]
[White "Kurtcehajic, Suad"]
[Black "Halilovic, Fahrudin"]
[Result "1/2-1/2"]
[ECO "B22"]
[WhiteElo "1982"]
[BlackElo "2053"]
[Annotator "NA"]
[PlyCount "51"]
[EventDate "2019.03.12"]
[EventType "tourn"]
[EventCountry "BIH"]
[SourceTitle "playchess.com"]
[Source "ChessBase"]
[SourceQuality "1"]
[TimeControl "5400+30"]

1. e4 c5 2. c3 d5 3. exd5 Qxd5 4. d4 cxd4 5. cxd4 Nc6 6. Nf3 Bg4 7. Be2 e6 8. Nc3 Qa5 9. h3 Bh5 10. d5 exd5 11. Qxd5 Qxd5 12. Nxd5 O-O-O 13. Nf4 Bb4+ 14. Kf1 Bxf3 15. Bxf3 Nf6 16. Be3 Rhe8 17. Rd1 Rxd1+ 18. Bxd1 Rd8 19. Ke2 Nd4+ 20. Bxd4 Rxd4 21. Nd3 Ba5 22. Bb3 Rd7 23. Rc1+ Kd8 24. Ba4 Re7+ 25. Kf3 Bb6 26. Rd1 1/2-1/2

[Event "Sarajevo-ch 2019"]
[Site "Sarajevo"]
[Date "2019.03.16"]
[Round "6.3"]
[White "Sutkovic, Damir"]
[Black "Burovic, Rijad"]
[Result "0-1"]
[ECO "A01"]
[WhiteElo "2346"]
[BlackElo "2340"]
[Annotator "NA"]
[PlyCount "155"]
[EventDate "2019.03.12"]
[EventType "tourn"]
[EventCountry "BIH"]
[SourceTitle "playchess.com"]
[Source "ChessBase"]
[SourceQuality "1"]
[TimeControl "5400+30"]

1. b3 e5 2. Bb2 d6 3. e3 Nf6 4. d4 exd4 5. Qxd4 d5 6. Nf3 Be7 7. Be2 c5 8. Qd1 O-O 9. O-O Be6 10. Nbd2 Nc6 11. Ne5 Nxe5 12. Bxe5 Qd7 13. c4 Rfd8 14. Nf3 dxc4 15. Bxc4 Bxc4 16. bxc4 Qe6 17. Qb3 Rd7 18. Rad1 Rad8 19. Rxd7 Rxd7 20. Bxf6 Bxf6 21. h3 h5 22. Qc2 g6 23. Rb1 Qd6 24. Qe4 b6 25. Rc1 Qd3 26. Qxd3 Rxd3 27. Kf1 Kf8 28. Ke2 Ra3 29. Rc2 Ke7 30. Nd2 Kd7 31. Nb1 Ra4 32. Nd2 Kc6 33. Ne4 Be7 34. Kd3 Ra3+ 35. Ke2 a6 36. Nd2 (36. g4 $11 {keeps the balance.}) 36... b5 37. Nb1 Ra4 38. Nd2 Bd8 39. Kd3 Ba5 40. Nb3 Bb4 41. Nc1 f5 ({Better is} 41... Ra3+ $17 42. Ke4 Be1 43. cxb5+ axb5) 42. Nb3 Kb6 43. Nc1 Ra3+ 44. Ke2 bxc4 45. Rxc4 Kb5 46. Rc2 c4 47. h4 a5 48. g3 Bc3 49. Kd1 Kc5 50. Ne2 Be5 51. Rd2 Ra4 52. Nc1 Rb4 53. Rc2 Rb1 54. Kd2 Kb5 55. Ne2 Rf1 56. Nc3+ Kb4 57. Nd1 Rh1 58. Ke2 c3 59. Rc1 Ka3 60. Rc2 a4 61. Rc1 $1 Kxa2 62. Nxc3+ Bxc3 63. Rxh1 Kb3 64. Kd3 a3 65. e4 a2 66. exf5 gxf5 67. Rc1 Bb2 68. Rd1 a1=Q 69. Rxa1 Bxa1 70. f3 Be5 71. g4 fxg4 72. fxg4 hxg4 73. h5 Bf4 74. Ke2 Kc4 75. Kf2 Kd5 76. h6 Ke4 77. h7 Be5 78. Ke2 0-1

[Event "Sarajevo-ch 2019"]
[Site "Sarajevo"]
[Date "2019.03.16"]
[Round "6.4"]
[White "Mrndjic, Muamer"]
[Black "Terzic, Ilijas"]
[Result "1-0"]
[ECO "E16"]
[WhiteElo "2246"]
[BlackElo "2137"]
[Annotator "NA"]
[PlyCount "131"]
[EventDate "2019.03.12"]
[EventType "tourn"]
[EventCountry "BIH"]
[SourceTitle "playchess.com"]
[Source "ChessBase"]
[SourceQuality "1"]
[TimeControl "5400+30"]

1. d4 {[%emt 0:00:00] ChessBase} Nf6 2. c4 e6 3. Nf3 Bb4+ 4. Bd2 Qe7 5. g3 Nc6 6. Bg2 Bxd2+ 7. Qxd2 Ne4 8. Qc2 Qb4+ 9. Nc3 Nxc3 10. Qxc3 Qxc3+ 11. bxc3 d6 12. Nd2 {[%emt 0:03:05] E11: Bogo-Indian} Na5 13. Rb1 Rb8 14. Be4 b6 15. Bd3 Bb7 16. O-O c5 17. f4 {[%emt 0:02:51] [#]} Ke7 $146 ({Predecessor:} 17... Ba6 18. Nb3 Nc6 19. a4 Ke7 {0-1 (67) Correa,A (2345)-Milos,G (2560) Sao Paulo 1995 CBM 047 Extra [ChessBase]}) 18. Nb3 Nc6 19. d5 Nd8 20. e4 f6 21. Nd2 e5 22. a4 Kd7 23. a5 Kc7 24. axb6+ axb6 25. Nf3 Nf7 26. Rf2 Bc8 27. Ra2 Bd7 28. Rba1 Rhe8 29. f5 Bc8 30. Bc2 Bb7 31. Ba4 Red8 32. Bb5 Ra8 33. Rxa8 Rxa8 34. Rxa8 Bxa8 35. Kf2 Bb7 36. h4 Bc8 37. g4 Kd8 38. Kg3 Ke7 39. Ne1 h6 40. Nf3 Bd7 41. Nd2 Nd8 42. Kf3 Nb7 43. Bxd7 Kxd7 44. Ke3 Na5 45. Kd3 Kc7 46. Nf3 Kd7 47. Nd2 Kc7 48. Nf1 Kd7 49. Ne3 Kc7 50. Nf1 Kd7 51. Nd2 Kc7 52. Nf3 b5 53. cxb5 c4+ 54. Kc2 Kb6 55. g5 hxg5 56. hxg5 Nb7 57. Kd2 Nc5 $11 58. Ke3 Kxb5 59. g6 Ka4 60. Nd2 Kb5 61. Nf1 Ka4 62. Ng3 Kb3 63. Nh5 Kxc3 64. Nxg7 Kb2 65. Nh5 c3 66. Ng3 1-0

[Event "Sarajevo-ch 2019"]
[Site "Sarajevo"]
[Date "2019.03.16"]
[Round "6.5"]
[White "Hadzovic, Amir"]
[Black "Sitnic, Ahmed"]
[Result "1-0"]
[ECO "B01"]
[WhiteElo "2255"]
[BlackElo "1841"]
[Annotator "NA"]
[PlyCount "47"]
[EventDate "2019.03.12"]
[EventType "tourn"]
[EventCountry "BIH"]
[SourceTitle "playchess.com"]
[Source "ChessBase"]
[SourceQuality "1"]
[TimeControl "5400+30"]

1. e4 d5 2. exd5 Qxd5 3. Qf3 Qxf3 4. Nxf3 Nf6 5. g3 c6 6. Bg2 Bf5 7. d3 Nbd7 8. O-O e6 9. Bd2 Bd6 10. Nc3 O-O 11. a3 Nd5 12. Rfe1 h6 13. Ne4 Bc7 14. c4 N5f6 15. Bc3 Rad8 16. Bb4 Rfe8 17. Bd6 Bxe4 18. Bxc7 Rc8 19. dxe4 Rxc7 20. e5 Nh7 21. Rad1 Nhf8 22. Nd2 g5 23. Ne4 Ng6 $2 {[%emt 0:00:43] [#]} (23... b5 $14) 24. Rxd7 $18 {[%emt 0:00:32] Remove Defender, Decoy} 1-0

[Event "Sarajevo-ch 2019"]
[Site "Sarajevo"]
[Date "2019.03.18"]
[Round "7.1"]
[White "Sitnic, Ahmed"]
[Black "Kurtcehajic, Suad"]
[Result "1/2-1/2"]
[ECO "D02"]
[WhiteElo "1841"]
[BlackElo "1982"]
[Annotator "NA RC"]
[PlyCount "100"]
[EventDate "2019.03.12"]
[EventType "tourn"]
[EventCountry "BIH"]
[SourceTitle "playchess.com"]
[Source "ChessBase"]
[SourceQuality "1"]
[TimeControl "5400+30"]

1. d4 d5 2. Nf3 Nf6 3. Bf4 Bf5 4. e3 e6 5. Bd3 Bxd3 6. Qxd3 c6 7. h3 Bd6 {[%emt 0:02:02] D02: 1 d4 d5 2 Nf3 sidelines, including 2...Nf6 3 g3 and 2...Nf6 3 Bf4} (7... Be7 8. O-O Nbd7 9. Nbd2 O-O 10. c4 c5 11. Bh2 Rc8 12. b3 Qa5 13. Rfd1 Rfd8 14. Qe2 Qa6 15. dxc5 Nxc5 16. Nd4 Nce4 17. Nxe4 Nxe4 18. Qf3 {1-0 (43) Vidovic,S (2256)-Zadravec,M (2194) Nedelisce 2018}) 8. Ne5 Qc7 9. Nd2 Nfd7 10. Qb3 $146 ({Predecessor:} 10. Ndf3 f6 11. Nxd7 Nxd7 12. Bxd6 Qxd6 13. O-O O-O 14. e4 Rfe8 15. Rfe1 dxe4 16. Rxe4 {0-1 (73) Hu,S (1918)-Xu,Y (1717) Hong Kong 2015}) 10... O-O 11. Ndf3 Nxe5 12. Bxe5 Nd7 13. Bxd6 Qxd6 14. O-O Rab8 15. c4 dxc4 16. Qxc4 Qd5 17. Qa4 a6 18. Rac1 Rfc8 19. Rfd1 h6 20. Qa3 Re8 21. b3 g5 22. Qb2 Qf5 23. Kh2 Kh7 24. Qc2 Qxc2 25. Rxc2 Rbd8 26. Kg3 Kg7 27. Nd2 Nb6 28. Nc4 Nxc4 29. bxc4 b6 30. Rb1 Rb8 31. Rcb2 b5 32. a4 Rb6 33. cxb5 cxb5 34. Kf3 Kf6 35. Rc1 Reb8 36. Rcb1 b4 37. a5 Rb5 38. Ke4 Rxa5 39. Rxb4 Rxb4 40. Rxb4 Ra2 $11 41. Kf3 a5 42. Rb7 a4 43. Ra7 h5 44. Ra8 a3 45. Ra7 Ra1 46. Ra8 Ke7 47. Ra7+ Ke8 48. Ke4 Kf8 49. Ra5 a2 50. Ra7 Kg7 1/2-1/2

[Event "Sarajevo-ch 2019"]
[Site "Sarajevo"]
[Date "2019.03.18"]
[Round "7.5"]
[White "Halilovic, Fahrudin"]
[Black "Kozarcanin, Sead"]
[Result "1-0"]
[ECO "C72"]
[WhiteElo "2053"]
[BlackElo "2005"]
[Annotator "NA RC"]
[PlyCount "51"]
[EventDate "2019.03.12"]
[EventType "tourn"]
[EventCountry "BIH"]
[SourceTitle "playchess.com"]
[Source "ChessBase"]
[SourceQuality "1"]
[TimeControl "5400+30"]

1. e4 e5 2. Nf3 Nc6 3. Bb5 a6 4. Ba4 d6 5. O-O {[%emt 0:00:02] LiveBook: 1467 Games} g6 {[%emt 0:01:07] C72: Ruy Lopez: Deferred Steinitz: 5 0-0} (5... Bd7 6. c4 Nf6 7. Nc3 Nd4 8. Bxd7+ Qxd7 9. d3 Nxf3+ 10. Qxf3 Be7 11. h3 O-O 12. Be3 c6 13. a4 a5 14. d4 Qc7 15. Rac1 {½-½ (40) Heimann,A (2601)-Vallejo Pons,F (2694) Germany 2019}) 6. d4 exd4 7. Qxd4 f6 8. Qc4 $146 ({Predecessor:} 8. Qd3 Bd7 9. Nc3 Ne5 10. Nxe5 dxe5 11. Bb3 Bc6 12. Qh3 Bd7 13. Qh4 {0-1 (39) Iordachescu,V (2553)-Efimov,I (2445) Castellaneta 1999}) 8... Bd7 {[%emt 0:03:16] [#]} ({Better is} 8... Qd7 $14) 9. Bb3 $1 Qe7 10. Nc3 Na5 (10... Qg7 $16 {keeps fighting.}) 11. Qxc7 Qd8 12. Nd5 Nxb3 13. axb3 Bc6 14. Nd4 Bxd5 15. Qxd8+ Rxd8 16. exd5 Kf7 17. b4 Bg7 18. b5 axb5 19. Nxb5 Ne7 20. c4 f5 (20... Rd7 {keeps fighting.} 21. Re1 Nf5) 21. Ra7 Rd7 {[%emt 0:02:41] [#]} 22. Rxb7 $3 Rxb7 (22... Rhd8 $142) 23. Nxd6+ {[%emt 0:00:02] Double Attack} Kf6 24. Nxb7 Rb8 25. Nd6 $18 Rd8 26. Bg5+ 1-0

[Event "Sarajevo-ch 2019"]
[Site "Sarajevo"]
[Date "2019.03.18"]
[Round "8.1"]
[White "Kurtcehajic, Suad"]
[Black "Kozarcanin, Sead"]
[Result "1-0"]
[ECO "C40"]
[WhiteElo "1982"]
[BlackElo "2005"]
[Annotator "NA RC"]
[PlyCount "91"]
[EventDate "2019.03.12"]
[EventType "tourn"]
[EventCountry "BIH"]
[SourceTitle "playchess.com"]
[Source "ChessBase"]
[SourceQuality "1"]
[TimeControl "5400+30"]

1. e4 e5 2. Nf3 Qe7 3. Nc3 Nf6 4. Bc4 d6 5. Ng5 Be6 6. Nxe6 fxe6 7. O-O Nc6 8. a3 g6 9. d3 Bg7 10. b4 O-O 11. Bg5 h6 12. Be3 a6 13. f3 Nh5 14. g3 Kh7 15. Ne2 Rf7 16. Kg2 Raf8 17. c3 g5 18. Qb3 Nd8 19. a4 c6 20. Qa2 Rg8 21. Bb3 Bf8 22. Rae1 d5 23. Bc2 Kh8 24. Qb1 Rfg7 25. Nc1 Qf7 26. Nb3 Nf4+ 27. Kh1 Qh5 28. Qd1 Qh3 29. Rg1 g4 30. Ref1 dxe4 31. fxe4 Nf7 32. Qd2 Nh5 33. Qg2 Qxg2+ 34. Rxg2 Ng5 35. Bxg5 Rxg5 36. Rgf2 Be7 37. Na5 c5 38. b5 axb5 39. axb5 R5g7 40. Bb3 Rd8 41. Bc4 Bg5 42. Rf7 b6 43. Nc6 Rxf7 44. Rxf7 Ra8 45. Nxe5 Ra1+ 46. Kg2 1-0

[Event "Sarajevo-ch 2019"]
[Site "Sarajevo"]
[Date "2019.03.19"]
[Round "9.1"]
[White "Terzic, Ilijas"]
[Black "Kurtcehajic, Suad"]
[Result "1/2-1/2"]
[ECO "D43"]
[WhiteElo "2137"]
[BlackElo "1982"]
[Annotator "NA"]
[PlyCount "71"]
[EventDate "2019.03.12"]
[EventType "tourn"]
[EventCountry "BIH"]
[SourceTitle "playchess.com"]
[Source "ChessBase"]
[SourceQuality "1"]
[TimeControl "5400+30"]

1. d4 d5 2. Nf3 Nf6 3. c4 e6 4. Nc3 c6 5. cxd5 exd5 6. Bg5 Be7 7. e3 Nbd7 8. Bd3 O-O 9. Qc2 h6 10. Bh4 Re8 11. O-O Ne4 12. Bxe7 Qxe7 13. Rab1 b6 14. b4 Bb7 15. Qb3 Ndf6 16. a4 g5 17. Bxe4 Nxe4 18. Nxe4 dxe4 19. Nd2 Rad8 20. Rfc1 Rd6 21. Rc3 Rg6 22. Rbc1 Qe6 23. Qc2 Qd5 24. Nc4 Rge6 25. Nd2 Kg7 26. Qb3 Qxb3 27. Nxb3 Rd8 28. b5 cxb5 29. axb5 Bd5 30. Nd2 Re7 31. f3 f5 32. Kf2 h5 33. Nc4 Bxc4 34. Rxc4 Rd5 35. Rb1 h4 36. Rc6 1/2-1/2

[Event "Sarajevo-ch 2019"]
[Site "Sarajevo"]
[Date "2019.03.19"]
[Round "9.4"]
[White "Halilovic, Fahrudin"]
[Black "Mrndjic, Muamer"]
[Result "1/2-1/2"]
[ECO "A45"]
[WhiteElo "2053"]
[BlackElo "2246"]
[Annotator "NA"]
[PlyCount "50"]
[EventDate "2019.03.12"]
[EventType "tourn"]
[EventCountry "BIH"]
[SourceTitle "playchess.com"]
[Source "ChessBase"]
[SourceQuality "1"]
[TimeControl "5400+30"]

1. d4 Nf6 2. Bf4 e6 3. e3 d5 4. c3 b6 5. Nd2 Bb7 6. Bd3 Bd6 7. Bg3 O-O 8. Ngf3 c5 9. Ne5 Nc6 10. f4 Ne7 11. O-O Nf5 12. Bf2 Be7 13. Qc2 Nd6 14. b3 Rc8 15. Rac1 cxd4 16. exd4 Nde4 17. Nxe4 dxe4 18. Bc4 Ba3 19. Rce1 a6 20. Bh4 Be7 21. a4 b5 22. axb5 axb5 23. Bxb5 Qxd4+ 24. cxd4 Rxc2 25. Rf2 Rfc8 1/2-1/2